 Dungeon Crawl Stone Soup version 0.26.1-11-gd32895ea62 (webtiles) character file.

Game seed: 6985405683704556374

536894 quackenbush666 the Gnoll Aeon (level 25, -1/199 HPs)
             Began as a Gnoll Venom Mage on July 14, 2021.
             Was the Champion of Cheibriados.
             Slain by an ancient lich (5 damage)
             ... on level 2 of the Tomb of the Ancients.
             The game lasted 01:49:59 (60549 turns).

quackenbush666 the Gnoll Aeon (Gnoll Venom Mage)   Turns: 60549, Time: 01:50:00

Health: -1/199     AC: 47    Str: 29    XL:     25   Next: 84%
Magic:  11/44      EV: 25    Int: 49    God:    Cheibriados [******]
Gold:   6129       SH: 20    Dex: 40    Spells: 18/58 levels left

rFire    . . .     SeeInvis +     - Unarmed
rCold    + . .     Faith    .   J - +2 kite shield
rNeg     + + +     Spirit   .   t - +8 crystal plate armour of the Butterfly {Regen+ Dex+2}
rPois    ∞         Reflect  .   M - +0 hat of the New World {Regen+ Int+4 Stlth+}
rElec    .         Harm     .   Z - +0 cloak of Kimod {Dex+2 Slay-3 SInv}
rCorr    .         Rampage  .   B - +1 pair of gloves
Will     ++++.                  b - +1 pair of boots {Fly}
Stlth    +++.......             P - amulet of magic regeneration
HPRegen  1.23/turn              W - +6 ring of intelligence
MPRegen  0.54/turn              u - ring "Peekhlio" {Wiz *Drain rN+ Will++ Dex+3}

@: lich-form, marked, studying Translocations, very slow
A: distributed training, fangs 1, horns 1, slimy green scales 1, sturdy frame 1,
strong nose
}: 3/15 runes: barnacled, silver, gossamer
a: End Transformation, Renounce Religion, Evoke Flight, Bend Time, Temporal
Distortion, Slouch, Step From Time


You were on level 2 of the Tomb of the Ancients.
You worshipped Cheibriados.
Cheibriados was exalted by your worship.
You were a lich.
You visited 9 branches of the dungeon, and saw 44 of its levels.
You visited the Abyss 2 times.
You also visited: Trove, Bailey and Wizlab.

You collected 9648 gold pieces.
You spent 3519 gold pieces at shops.

Inventory:

Hand Weapons
 p - the +8 trident of the Spider {flame, Will+ Int+3 Stlth+}
   (You took it off a spriggan on level 9 of the Dungeon)

   It has been specially enchanted to burn those struck by it, causing extra
   injury to most foes and up to half again as much damage against particularly
   susceptible opponents.
   It affects your intelligence (+3).
   It affects your willpower, your defense against some magical effects.
   It makes you more stealthy.
 Y - the +10 zealot's sword {holy, *Rage rN+ EV+3}
   (You took it off a deep elf mage on level 1 of the Elven Halls)

   It has been blessed by the Shining One to cause great damage to the undead
   and demons.
   It affects your evasion (+3).
   It protects you from negative energy.
   It may make you go berserk in combat.
Missiles
 e - 54 javelins
 n - 90 silver javelins
Armour
 b - a +1 pair of boots of flying (worn)
 t - the +8 crystal plate armour of the Butterfly (worn) {Regen+ Dex+2}
   (You found it on level 1 of the Elven Halls)

   It affects your dexterity (+2).
   It increases your rate of regeneration.
 v - a +0 robe of the Archmagi
 B - a +1 pair of gloves (worn)
 J - a +2 kite shield (worn)
 M - the +0 hat of the New World (worn) {Regen+ Int+4 Stlth+}
   (You acquired it on level 6 of the Lair of Beasts)

   It affects your intelligence (+4).
   It increases your rate of regeneration.
   It makes you more stealthy.
 Z - the +0 cloak of Kimod (worn) {Dex+2 Slay-3 SInv}
   (You found it on level 2 of the Spider Nest)

   It affects your dexterity (+2).
   It affects your accuracy and damage with ranged weapons and melee attacks
   (-3).
   It lets you see invisible.
Jewellery
 j - an uncursed amulet of reflection
 m - an uncursed ring of resist corrosion
 u - the ring "Peekhlio" (right hand) {Wiz *Drain rN+ Will++ Dex+3}
   (You found it in a treasure trove)

   [ring of wizardry]

   It improves your spell success rate.
   It affects your dexterity (+3).
   It protects you from negative energy.
   It affects your willpower, your defense against some magical effects.
   It causes draining when unequipped.
 N - a +6 ring of intelligence
 P - an amulet of magic regeneration (around neck)
 U - the amulet of Crawling {+Inv Regen+ Str-2 Int+3 Slay+3}
   (You found it on level 14 of the Dungeon)

   [amulet of regeneration]

   It affects your strength (-2).
   It affects your intelligence (+3).
   It affects your accuracy and damage with ranged weapons and melee attacks
   (+3).
   It lets you turn invisible.
   It increases your rate of regeneration.
 W - a +6 ring of intelligence (left hand)
Wands
 y - a wand of iceblast (71)
 I - a wand of digging (21)
 K - a wand of flame (71)
 L - a wand of paralysis (33)
 Q - a wand of acid (8)
Scrolls
 f - 3 scrolls of immolation
 l - 8 scrolls of enchant armour
 o - 2 scrolls of summoning
 w - a scroll of brand weapon
 A - 12 scrolls of enchant weapon
 C - 11 scrolls of remove curse
 E - 28 scrolls of teleportation
 H - 5 scrolls of magic mapping
 O - 7 scrolls of blinking
 S - 7 scrolls of fear
 V - 17 scrolls of identify
 X - 2 scrolls of fog
Potions
 a - 16 potions of curing
 c - 7 potions of attraction
 d - 4 potions of magic
 h - 7 potions of might
 i - 14 potions of heal wounds
 k - 19 potions of mutation
 q - 6 potions of brilliance
 r - 4 potions of resistance
 s - 2 potions of invisibility
 z - 4 potions of ambrosia
 F - 7 potions of flight
 T - 2 potions of cancellation
Books
 g - a manual of Translocations
Miscellaneous
 x - a condenser vane (inert)
 R - a tin of tremorstones (inert)


   Skills:
 + Level 16.5 Fighting
 + Level 16.5 Short Blades
 + Level 16.5 Long Blades
 + Level 16.5 Axes
 + Level 16.5 Maces & Flails
 + Level 16.5 Polearms
 + Level 16.5 Staves
 + Level 16.5 Slings
 + Level 16.5 Bows
 + Level 16.5 Crossbows
 + Level 16.5 Throwing
 + Level 16.5 Armour
 + Level 17.0 Dodging
 + Level 16.9 Stealth
 + Level 16.5 Shields
 + Level 16.5 Unarmed Combat
 + Level 17.1 Spellcasting
 + Level 14.2 Conjurations
 + Level 14.2 Hexes
 + Level 14.2 Summonings
 + Level 14.2 Necromancy
 + Level 16.3 Translocations
 + Level 14.3 Transmutations
 + Level 14.2 Fire Magic
 + Level 14.2 Ice Magic
 + Level 14.2 Air Magic
 + Level 14.2 Earth Magic
 + Level 15.0 Poison Magic
 + Level 17.8 Invocations
 + Level 16.5 Evocations


You had 18 spell levels left.
You knew the following spells:

 Your Spells              Type           Power        Failure   Level
a - Statue Form           Tmut/Erth      73%          1%          6
c - Passwall              Tmut/Erth      91%          0%          2
d - Summon Lightning Spi  Summ/Air       100%         1%          4
e - Necromutation         Tmut/Necr      67%          32%         8
f - Apportation           Tloc           100%         0%          1
h - Irradiate             Conj/Tmut      55%          1%          5
i - Ignition              Fire           55%          32%         8
j - Blink                 Tloc           N/A          0%          2
k - Passage of Golubria   Tloc           N/A          1%          4

Your spell library contained the following spells:

 Spells                   Type           Power        Failure   Level
 Animate Skeleton         Necr           100%         0%          1
 Beastly Appendage        Tmut           100%         0%          1
 Foxfire                  Conj/Fire      100%         0%          1
 Magic Dart               Conj           100%         0%          1
 Pain                     Necr           100%         0%          1
 Sandblast                Erth           100%         0%          1
 Shock                    Conj/Air       100%         0%          1
 Sting                    Tmut/Pois      100%         0%          1
 Summon Small Mammal      Summ           100%         0%          1
 Call Imp                 Summ           100%         0%          2
 Poisonous Vapours        Pois/Air       100%         0%          2
 Slow                     Hex            100%         0%          2
 Sublimation of Blood     Necr           67%          0%          2
 Swiftness                Air            100%         0%          2
 Wereblood                Tmut           100%         0%          2
 Gell's Gravitas          Tloc           58%          0%          3
 Lesser Beckoning         Tloc           58%          0%          3
 Teleport Other           Tloc           100%         0%          3
 Call Canine Familiar     Summ           100%         1%          3
 Confusing Touch          Hex            100%         1%          3
 Conjure Flame            Conj/Fire      100%         1%          3
 Ignite Poison            Fire/Tmut/Pois 100%         1%          3
 Mephitic Cloud           Conj/Pois/Air  100%         1%          3
 Spider Form              Tmut/Pois      56%          1%          3
 Stone Arrow              Conj/Erth      100%         1%          3
 Summon Guardian Golem    Hex/Summ       100%         1%          3
 Tukima's Dance           Hex            100%         1%          3
 Vampiric Draining        Necr           67%          1%          3
 Airstrike                Air            55%          1%          4
 Animate Dead             Necr           67%          1%          4
 Dispel Undead            Necr           100%         1%          4
 Fulminant Prism          Conj/Hex       55%          1%          4
 Ice Form                 Ice/Tmut       100%         1%          4
 Olgreb's Toxic Radiance  Pois           100%         1%          4
 Petrify                  Tmut/Erth      100%         1%          4
 Summon Ice Beast         Ice/Summ       100%         1%          4
 Agony                    Necr           100%         1%          5
 Alistair's Intoxication  Tmut/Pois      74%          1%          5
 Blade Hands              Tmut           55%          1%          5
 Bolt of Magma            Conj/Fire/Erth 55%          1%          5
 Borgnjor's Vile Clutch   Necr/Erth      67%          1%          5
 Excruciating Wounds      Necr           67%          1%          5
 Fireball                 Conj/Fire      55%          1%          5
 Iskenderun's Battlesphe  Conj           100%         1%          5
 Lee's Rapid Deconstruct  Erth           55%          1%          5
 Lightning Bolt           Conj/Air       55%          1%          5
 Metabolic Englaciation   Hex/Ice        55%          1%          5
 Silence                  Hex/Air        55%          1%          5
 Summon Forest            Summ/Tloc      56%          1%          5
 Yara's Violent Unravell  Hex/Tmut       55%          1%          5
 Conjure Ball Lightning   Conj/Air       55%          1%          6
 Freezing Cloud           Conj/Ice/Air   55%          1%          6
 Hydra Form               Tmut           55%          1%          6
 Invisibility             Hex            100%         1%          6
 Iron Shot                Conj/Erth      55%          1%          6
 Simulacrum               Ice/Necr       67%          1%          6
 Starburst                Conj/Fire      55%          1%          6
 Dragon Form              Tmut           55%          4%          7
 Haunt                    Necr/Summ      67%          4%          7
 Orb of Destruction       Conj           55%          4%          7
 Spellforged Servitor     Conj/Summ      55%          4%          7
 Borgnjor's Revivificati  Necr           67%          32%         8
 Infestation              Necr           67%          32%         8
 Death's Door             Necr           67%          99%         9
 Tornado                  Air            55%          99%         9


Dungeon Overview and Level Annotations

Branches:
Dungeon (15/15)            Temple (0/1) D:6            Lair (6/6) D:8
 Shoals (4/4) Lair:3       Spider (4/4) Lair:4        Slime (0/5) Lair:6
    Orc (2/2) D:10            Elf (3/3) Orc:2        Vaults (5/5) D:13
  Crypt (3/3) Vaults:3       Tomb (2/3) Crypt:3      Depths (0/5) D:15
 Bailey (visited)          WizLab (visited)

Altars:
Ashenzari
Cheibriados
Elyvilon
Fedhas
Hepliaklqana
Kikubaaqudgha
Okawaru
Qazlal
Ru
Sif Muna
Uskayaw
Vehumet
Yredelemnul
Zin
Beogh
Jiyva

Shops:
D:6 [   D:8 :?   D:13 [   Orc:2 [}?:   Elf:2 [[}=   Vaults:2 !

Annotations:
D:12 exclusion: orange crystal statue
Lair:4 exclusion: 4 oklob plants
Elf:2 5 runed translucent doors


Innate Abilities, Weirdness & Mutations

Your experience applies equally to all skills.
You have very sharp teeth.
Your uncanny sense of smell can sniff out nearby items.
You have a pair of small horns on your head.
You are partially covered in slimy green scales. (AC +2)
Your movements are slightly less encumbered by armour. (ER -2)


Message History

The emperor scorpion stings you but does no damage.
The emperor scorpion misses you.
The emperor scorpion claws you but does no damage.
The ancient lich misses you.
You hit the ancient lich. You headbutt the ancient lich.
The ancient lich is lightly damaged.
The death scarab disappears in a puff of smoke!
A death scarab comes into view.
You block the death scarab's attack.
A death scarab comes into view.
The royal mummy gestures wildly while chanting.
The ancient lich touches you but does no damage.
You block the ancient champion's attack.
The death scarab bites you!
* * * LOW HITPOINT WARNING * * *
A mummy comes into view.
The royal mummy mumbles some strange words.
The ushabti shakes and rattles deafeningly!
The ancient lich touches you.
You die...

......$†..^.[8. ..#
.M...†.§§§§..BB
.....#.......§§§§...B
......L##§§.§§○§##.M
# .....###S§SBM§§# .
#. ...M.##§sBBB§...
#.. .......BMMsBB....
#... #§○§MMLLsB.#
#(...##§BM8zLMBB##
#...?°BM§§.ssBBsz.MM
#####B##############
M§. #... ∆ +... ∆
#... #.§. ####


You could see 3 royal mummies, 6 emperor scorpions, 2 ancient liches, 2 ancient
champions, 2 mana vipers, 4 guardian mummies, an ushabti (catching breath), 15
death scarabs and 4 mummies.

Vanquished Creatures
  2 ancient liches
  Sojobo (Crypt:3)
  2 royal mummies
  Saint Roka (Vaults:2)
  Frederick (Crypt:3)
  Margery (Crypt:2)
  Bai Suzhen (Crypt:2)
  Xtahua (Crypt:2)
  Arachne (Spider:3)
  A Cloud Mage (WizLab)
  2 hellephants (Vaults:1)
  4 tentacled monstrosities
  Jorgrun (Shoals:3)
  A lich (Crypt:1)
  2 deep elf blademasters (Elf:3)
  4 titans
  2 deep elf master archers (Elf:3)
  2 ancient champions
  9 sphinxes
  Kirke (D:14)
  Polyphemus (Shoals:2)
  5 tengu reavers
  Donald (Spider:1)
  5 shadow dragons
  Agnes (D:15)
  6 revenants
  5 fire giants
  4 storm dragons (Vaults:5)
  8 deep elf sorcerers
  7 frost giants (Vaults:5)
  Louise (D:14)
  3 ghost moths
  13 vault wardens
  3 curse skulls
  A juggernaut zombie (Crypt:2)
  8 deep elf elementalists
  5 emperor scorpions
  6 ghouls
  A reaper (Crypt:2)
  11 stone giants
  A war gargoyle (Vaults:4)
  11 ironheart preservers
  6 vampire knights
  10 deep elf demonologists
  A minotaur (Shoals:1)
  8 deep elf annihilators
  Azrael (D:13)
  7 entropy weavers
  5 spark wasps
  6 merfolk javelineers
  6 deep elf death magi
  A quicksilver dragon zombie (Crypt:1)
  2 blizzard demons (WizLab)
  4 eidola (Crypt:2)
  A fire dragon (Vaults:3)
  6 ettins
  10 merfolk impalers
  A crystal guardian (Vaults:2)
  6 jiangshi
  11 mummy priests
  A great orb of eyes (Vaults:1)
  4 deep elf high priests
  5 ice dragons
  15 yaktaur captains
  2 rakshasas (Vaults:3)
  7 ogre magi
  28 vault guards
  Erolcha (Orc:2)
  6 hydras
  3 merfolk aquamancers
  2 merfolk avatars (Shoals:4)
  9 boulder beetles
  4 catoblepae
  A spriggan air mage (WizLab)
  2 ghost crabs (WizLab)
  3 centaur warriors
  2 alligator snapping turtles
  Erica (D:8)
  5 satyrs
  A two-headed ogre (shapeshifter) (D:15)
  2 deep troll shamans (Vaults:5)
  31 death scarabs
  5 death knights
  4 vampire magi
  8 death yaks
  15 two-headed ogres
  4 tengu warriors
  18 dancing weapons
  A thrashing horror (Abyss:3)
  A deep troll earth mage (Vaults:1)
  6 hell hogs
  Nergalle (Lair:3)
  A titan zombie (Crypt:1)
  2 shock serpents (WizLab)
  18 deep elf knights
  15 skeletal warriors
  The ghost of BlaiseRascal the Covert, a novice OpMo of Yredelemnul (D:9)
  2 large abominations
  A storm dragon skeleton (Crypt:2)
  4 shadow wraiths
  6 deep trolls
  A death drake (shapeshifter) (D:14)
  4 death drakes (WizLab)
  A glowing orange brain (Vaults:2)
  17 hell knights
  12 sea snakes
  A deep troll (shapeshifter) (Vaults:2)
  A ghost moth zombie (Crypt:3)
  5 wizards
  2 unseen horrors
  7 flayed ghosts (Crypt:3)
  24 ironbrand convokers
  An anaconda skeleton (Tomb:2)
  11 phantasmal warriors
  4 bog bodies
  6 orc knights
  13 harpies
  A wolf spider zombie (Abyss:3)
  80 deep elf magi
  20 deep elf archers
  23 orb spiders
  An iron dragon zombie (Crypt:2)
  9 orc sorcerers
  7 necromancers
  A sphinx zombie (Crypt:2)
  A shadow dragon skeleton (Vaults:3)
  18 manticores
  A stone giant zombie (Crypt:2)
  11 fauns
  A cyclops (shapeshifter) (Elf:1)
  A faun (shapeshifter) (Elf:1)
  A frost giant zombie (Crypt:2)
  7 cyclopes
  26 wolf spiders
  26 ugly things
  8 black mambas
  3 centaur zombies
  5 moths of wrath
  An apocalypse crab (WizLab)
  12 vault sentinels
  A stone giant skeleton (Vaults:3)
  7 water nymphs
  4 merfolk sirens
  2 fire giant skeletons
  An eye of devastation (shapeshifter) (Elf:1)
  9 elephants
  A dire elephant zombie (Crypt:1)
  A white draconian zombie (Crypt:3)
  3 rime drakes
  15 cane toads
  A gargoyle (D:14)
  4 torpor snails
  A water nymph (shapeshifter) (Elf:1)
  3 human zombies (Vaults:3)
  A rime drake (shapeshifter) (Elf:3)
  38 yaktaurs
  9 freezing wraiths
  11 demonic crawlers
  A red draconian skeleton (Crypt:2)
  7 komodo dragons
  A sea snake skeleton (Crypt:1)
  A kobold demonologist (D:15)
  39 guardian mummies
  3 ancient zymes
  A queen bee (shapeshifter) (Vaults:1)
  3 meliai (Shoals:1)
  24 merfolk
  A tengu conjurer (D:14)
  A meliai (shapeshifter) (Vaults:2)
  4 polar bears
  6 hornets
  35 jumping spiders
  5 trolls
  14 slime creatures
  2 tengu simulacra
  9 wind drakes
  A hornet (shapeshifter) (Vaults:2)
  An ettin zombie (Crypt:1)
  An alligator zombie (Crypt:2)
  4 raiju (Abyss:5)
  3 blink frogs
  16 dream sheep
  An ice dragon zombie (Crypt:1)
  A raiju (shapeshifter) (Elf:1)
  8 snapping turtles
  5 vampires
  13 air elementals
  A shadow (D:14)
  A spriggan (shapeshifter) (Elf:3)
  11 water elementals
  21 flying skulls
  58 redbacks
  2 spriggans (D:9)
  An ice dragon skeleton (Crypt:1)
  93 yaks
  27 tarantellas
  5 wyverns
  10 wraiths
  2 ynoxinuls
  A small abomination (Abyss:3)
  23 humans (D:13)
  A tarantella (shapeshifter) (Vaults:2)
  2 basilisks
  10 fire elementals
  5 hogs (D:14)
  9 ushabtiu
  A golden eye (shapeshifter) (Vaults:2)
  A yaktaur simulacrum (Vaults:1)
  A steam dragon (shapeshifter) (Vaults:2)
  2 neqoxecs (Abyss:3)
  10 wargs
  A wind drake skeleton (Crypt:2)
  7 vampire mosquitoes
  3 soldier ants
  3 acid dragons
  10 water moccasins
  A floating eye (shapeshifter) (Elf:1)
  2 hell hounds (D:13)
  An orb spider zombie (Crypt:3)
  A sky beast (D:12)
  An eye of draining (D:8)
  A hornet zombie (D:11)
  An ettin simulacrum (Vaults:4)
  4 necrophages
  37 orc warriors
  4 ice beasts
  4 black bears
  7 boggarts (Vaults:2)
  23 ogres
  5 phantoms
  A snapping turtle zombie (Crypt:1)
  25 centaurs
  An elf skeleton (Vaults:3)
  A human skeleton (Vaults:3)
  11 wolves
  A bullfrog (shapeshifter) (Elf:1)
  3 big kobolds
  22 bullfrogs
  4 earth elementals
  A water moccasin skeleton (D:11)
  6 scorpions
  16 killer bees
  A raiju zombie (Crypt:3)
  9 electric eels
  15 wights
  4 howler monkeys
  2 crimson imps (Abyss:5)
  A wolf skeleton (Crypt:1)
  2 bullfrog zombies
  7 starcursed masses (Abyss:5)
  5 jellies
  4 quasits
  13 orc priests
  A bullfrog skeleton (D:12)
  10 hounds
  32 orc wizards
  A gnoll shaman (D:7)
  3 centaur skeletons
  4 iguanas
  A soldier ant zombie (Crypt:2)
  12 worker ants
  2 killer bee zombies
  A demigod skeleton (Crypt:3)
  2 acid dragon skeletons
  2 hound zombies
  2 hound skeletons
  29 mummies
  2 worker ant zombies
  9 gnolls
  11 adders
  2 shadow imps
  A steam dragon skeleton (Crypt:3)
  7 white imps
  An ufetubus (D:4)
  2 adder skeletons
  5 worms
  5 dart slugs
  3 leopard geckos
  111 orcs
  2 ball pythons
  12 bats
  A bat zombie (D:8)
  7 giant cockroaches
  10 goblins
  7 hobgoblins
  4 jackals
  5 quokkas
  4 frilled lizards
  A frilled lizard skeleton (Crypt:2)
  24 kobolds
  A kobold skeleton (Crypt:2)
  A kobold zombie (Crypt:2)
  A leopard gecko skeleton (D:5)
  3 quokka skeletons
  13 rats
  3 rat zombies (D:8)
2113 creatures vanquished.

Vanquished Creatures (collateral kills)
  A lich (Abyss:5)
  Roxanne (Shoals:4)
  A fire giant (shapeshifter) (Elf:1)
  A fire giant (D:15)
  A ghost moth (Spider:4)
  An emperor scorpion (Spider:4)
  The ghost of Buraz the Cleaver, an adept GrFi of Cheibriados (Elf:1)
  An eidolon (Abyss:5)
  A merfolk javelineer (Shoals:2)
  A yaktaur captain (D:15)
  A boulder beetle (Lair:5)
  A fire dragon (D:15)
  3 hydras
  A centaur warrior (D:15)
  An ice dragon (D:15)
  2 catoblepae (Lair:6)
  A tengu warrior (D:14)
  A death knight (D:12)
  A death yak (Shoals:2)
  2 orb spiders (Spider:4)
  A cyclops (D:14)
  An elephant (Lair:6)
  A komodo dragon (Lair:6)
  A freezing wraith (D:12)
  2 redbacks (Spider:4)
  2 yaks (Lair:6)
  A tarantella (Spider:4)
  2 wights (D:8)
  A crimson imp (Abyss:5)
  3 starcursed masses (Abyss:5)
39 creatures vanquished.

Vanquished Creatures (others)
  An emperor scorpion (Spider:4)
  A blizzard demon (WizLab)
  A dancing weapon (Elf:1)
  A shock serpent (WizLab)
  3 deep elf magi
  An orange demon (Abyss:3)
  A raiju (Abyss:3)
  A small abomination (Abyss:3)
  A fire bat (Abyss:3)
  A deep troll zombie (Vaults:1)
  A boggart (Vaults:2)
  An orc wizard (Orc:2)
  2 orcs
  125 fungi
  201 plants
342 creatures vanquished.

Grand Total: 2494 creatures vanquished

Notes
Turn   | Place    | Note
-------+----------+-------------------------------------------
     0 | D:1      | quackenbush666 the Gnoll Venom Mage began the quest for the
                  | Orb.
     0 | D:1      | Reached XP level 1. HP: 13/13 MP: 6/6
   138 | D:1      | Reached XP level 2. HP: 13/19 MP: 4/7
  1086 | D:1      | Reached XP level 3. HP: 23/25 MP: 9/9
  1210 | D:1      | Reached skill level 5 in Spellcasting
  1771 | D:2      | Reached skill level 1 in Invocations
  2071 | D:2      | Reached skill level 1 in Fighting
  2071 | D:2      | Reached skill level 1 in Short Blades
  2071 | D:2      | Reached skill level 1 in Long Blades
  2071 | D:2      | Reached skill level 1 in Axes
  2071 | D:2      | Reached skill level 1 in Maces & Flails
  2071 | D:2      | Reached skill level 1 in Polearms
  2071 | D:2      | Reached skill level 1 in Staves
  2071 | D:2      | Reached skill level 1 in Slings
  2071 | D:2      | Reached skill level 1 in Bows
  2071 | D:2      | Reached skill level 1 in Crossbows
  2071 | D:2      | Reached skill level 1 in Throwing
  2071 | D:2      | Reached skill level 1 in Armour
  2071 | D:2      | Reached skill level 1 in Shields
  2071 | D:2      | Reached skill level 1 in Unarmed Combat
  2071 | D:2      | Reached skill level 1 in Evocations
  2177 | D:2      | Reached XP level 4. HP: 26/32 MP: 9/11
  2646 | D:2      | Reached skill level 1 in Conjurations
  2646 | D:2      | Reached skill level 1 in Hexes
  2646 | D:2      | Reached skill level 1 in Summonings
  2646 | D:2      | Reached skill level 1 in Necromancy
  2646 | D:2      | Reached skill level 1 in Translocations
  2646 | D:2      | Reached skill level 1 in Fire Magic
  2646 | D:2      | Reached skill level 1 in Ice Magic
  2646 | D:2      | Reached skill level 1 in Air Magic
  2646 | D:2      | Reached skill level 1 in Earth Magic
  2808 | D:3      | Learned a level 3 spell: Ignite Poison
  2813 | D:3      | Learned a level 4 spell: Olgreb's Toxic Radiance
  2822 | D:3      | Reached XP level 5. HP: 37/37 MP: 3/12
  4259 | D:4      | Reached XP level 6. HP: 37/44 MP: 2/13
  4412 | D:4      | Reached skill level 5 in Dodging
  4803 | D:4      | Found a shimmering blue altar of Sif Muna.
  4862 | D:4      | Reached XP level 7. HP: 50/50 MP: 15/15
  5415 | D:4      | Found a hide-covered altar of Uskayaw.
  5416 | D:4      | Found a sacrificial altar of Ru.
  5465 | D:5      | Entered Level 5 of the Dungeon
  5480 | D:5      | Reached skill level 5 in Stealth
  5892 | D:5      | Reached XP level 8. HP: 57/57 MP: 16/16
  6053 | D:5      | Found a glowing silver altar of Zin.
  6892 | D:6      | Found a snail-covered altar of Cheibriados.
  6928 | D:6      | Became a worshipper of Cheibriados the Contemplative
  7320 | D:6      | Reached XP level 9. HP: 43/65 MP: 10/18
  7540 | D:6      | Found Lyoghi's Armour Shop.
  7549 | D:6      | Bought a +2 helmet of see invisible for 279 gold pieces
  7758 | D:6      | Found a staircase to the Ecumenical Temple.
  7848 | D:7      | Reached * piety under Cheibriados
  8277 | D:7      | Found an iron altar of Okawaru.
  8346 | D:7      | Found a stormy altar of Qazlal.
  8503 | D:7      | Learned a level 4 spell: Summon Lightning Spire
  8508 | D:7      | Learned a level 4 spell: Summon Ice Beast
  8697 | D:8      | Reached skill level 5 in Invocations
  8708 | D:8      | Reached ** piety under Cheibriados
  8863 | D:8      | Learned a level 1 spell: Apportation
  8867 | D:8      | Learned a level 3 spell: Tukima's Dance
  8884 | D:8      | Found Duibbime's Book Emporium.
  8898 | D:8      | Found Emiov's Magic Scroll Boutique.
  9148 | D:8      | Noticed Erica
  9152 | D:8      | Killed Erica
  9153 | D:8      | Reached skill level 5 in Fighting
  9153 | D:8      | Reached skill level 5 in Short Blades
  9153 | D:8      | Reached skill level 5 in Long Blades
  9153 | D:8      | Reached skill level 5 in Axes
  9153 | D:8      | Reached skill level 5 in Maces & Flails
  9153 | D:8      | Reached skill level 5 in Polearms
  9153 | D:8      | Reached skill level 5 in Staves
  9153 | D:8      | Reached skill level 5 in Slings
  9153 | D:8      | Reached skill level 5 in Bows
  9153 | D:8      | Reached skill level 5 in Crossbows
  9153 | D:8      | Reached skill level 5 in Throwing
  9153 | D:8      | Reached skill level 5 in Armour
  9153 | D:8      | Reached skill level 5 in Shields
  9153 | D:8      | Reached skill level 5 in Unarmed Combat
  9153 | D:8      | Reached skill level 5 in Evocations
  9153 | D:8      | Reached XP level 10. HP: 65/74 MP: 12/20
  9206 | D:8      | Found a staircase to the Lair.
  9527 | D:8      | Found an ancient bone altar of Kikubaaqudgha.
  9601 | D:8      | Found a broken altar of Ashenzari.
 10341 | D:9      | Found a flagged portal.
 10343 | D:9      | Found the +6 Majin-Bo {vamp, MP+6 Int+6}
 10351 | Bailey   | Entered a bailey
 10796 | Bailey   | Reached *** piety under Cheibriados
 10799 | Bailey   | Reached skill level 5 in Transmutations
 12134 | D:9      | Found a runed translucent door.
 12134 | D:9      | Identified the +8 trident of the Spider {flame, Will+ Int+3
                  | Stlth+}
 12137 | D:9      | Noticed BlaiseRascal's ghost (novice OpMo)
 12153 | D:9      | Reached XP level 11. HP: 55/81 MP: 14/22
 12223 | D:9      | Reached **** piety under Cheibriados
 12237 | D:9      | Killed BlaiseRascal's ghost
 12459 | D:9      | Reached skill level 5 in Conjurations
 12459 | D:9      | Reached skill level 5 in Hexes
 12459 | D:9      | Reached skill level 5 in Summonings
 12459 | D:9      | Reached skill level 5 in Necromancy
 12459 | D:9      | Reached skill level 5 in Translocations
 12459 | D:9      | Reached skill level 5 in Fire Magic
 12459 | D:9      | Reached skill level 5 in Ice Magic
 12459 | D:9      | Reached skill level 5 in Air Magic
 12459 | D:9      | Reached skill level 5 in Earth Magic
 12536 | D:10     | Entered Level 10 of the Dungeon
 12559 | D:10     | Found a staircase to the Orcish Mines.
 13616 | D:10     | Noticed a two-headed ogre
 13619 | D:10     | Killed a two-headed ogre
 13855 | D:10     | Reached ***** piety under Cheibriados
 14290 | D:11     | Reached XP level 12. HP: 89/89 MP: 16/24
 15739 | D:12     | Identified the Compendium of Moulding and Stones
 15930 | D:12     | Reached ****** piety under Cheibriados
 16117 | D:12     | Noticed a death knight
 16210 | Lair:1   | Entered Level 1 of the Lair of Beasts
 16324 | Lair:1   | Noticed a five-headed hydra
 16333 | Lair:1   | Killed a five-headed hydra
 16663 | Lair:1   | Reached XP level 13. HP: 90/98 MP: 26/26
 17012 | Lair:2   | Learned a level 5 spell: Irradiate
 18294 | Lair:3   | Found a staircase to the Shoals.
 19899 | Lair:3   | Noticed Nergalle
 19914 | Lair:3   | Killed Nergalle
 20163 | Lair:4   | Found a hole to the Spider Nest.
 20774 | Lair:4   | Reached skill level 10 in Spellcasting
 22568 | Lair:5   | Reached XP level 14. HP: 106/106 MP: 28/28
 22601 | Lair:5   | Reached skill level 10 in Dodging
 23524 | Lair:5   | Reached skill level 10 in Stealth
 23887 | Lair:6   | Entered Level 6 of the Lair of Beasts
 23887 | Lair:6   | Found a staircase to the Slime Pits.
 23887 | Lair:6   | Found a viscous altar of Jiyva.
 24390 | Lair:6   | Identified a scroll of acquirement
 24390 | Lair:6   | Acquired the +0 hat of the New World {Regen+ Int+4 Stlth+}
 24676 | Lair:6   | Reached skill level 10 in Invocations
 25279 | Lair:6   | Got an ancient leather armour
 25283 | Lair:6   | Identified the +2 leather armour "Loneops" {rN+ Str+5} (You
                  | found it on level 6 of the Lair of Beasts)
 25961 | D:10     | Learned a level 8 spell: Ignition
 26388 | D:13     | Reached XP level 15. HP: 107/115 MP: 29/29
 26879 | D:13     | Found a gate to the Vaults.
 26882 | D:13     | Reached skill level 10 in Poison Magic
 27077 | D:13     | Found a portal to a secret trove of treasure.
 27138 | D:13     | Found Xyneilir's Armour Shop.
 27226 | D:13     | Noticed Azrael
 27230 | D:13     | Killed Azrael
 27231 | D:13     | Reached skill level 10 in Fighting
 27231 | D:13     | Reached skill level 10 in Short Blades
 27231 | D:13     | Reached skill level 10 in Long Blades
 27231 | D:13     | Reached skill level 10 in Axes
 27231 | D:13     | Reached skill level 10 in Maces & Flails
 27231 | D:13     | Reached skill level 10 in Polearms
 27231 | D:13     | Reached skill level 10 in Staves
 27231 | D:13     | Reached skill level 10 in Slings
 27231 | D:13     | Reached skill level 10 in Bows
 27231 | D:13     | Reached skill level 10 in Crossbows
 27231 | D:13     | Reached skill level 10 in Throwing
 27231 | D:13     | Reached skill level 10 in Armour
 27231 | D:13     | Reached skill level 10 in Shields
 27231 | D:13     | Reached skill level 10 in Unarmed Combat
 27231 | D:13     | Reached skill level 10 in Evocations
 27701 | D:14     | Noticed Louise
 27707 | D:14     | Cast into level 3 of the Abyss (Louise)
 27764 | Abyss:3  | Noticed a lich
 27777 | D:14     | Escaped the Abyss
 27795 | D:14     | Killed Louise
 28420 | D:14     | Got a warped bone amulet
 28437 | D:14     | Noticed Kirke
 28446 | D:14     | Killed Kirke
 28673 | D:14     | Found a blossoming altar of Fedhas.
 29251 | D:8      | Bought a scroll of fog for 28 gold pieces
 29251 | D:8      | Bought 3 scrolls of teleportation for 126 gold pieces
 29251 | D:8      | Bought a scroll of acquirement for 728 gold pieces
 29251 | D:8      | Bought a scroll of teleportation for 42 gold pieces
 29251 | D:8      | Acquired 706 gold pieces
 29253 | D:8      | Bought a scroll of teleportation for 42 gold pieces
 29253 | D:8      | Bought a scroll of teleportation for 42 gold pieces
 29315 | D:15     | Entered Level 15 of the Dungeon
 29315 | D:15     | Noticed Agnes
 29319 | D:15     | Killed Agnes
 30344 | D:15     | Reached XP level 16. HP: 50/123 MP: 17/31
 30455 | D:15     | Found a staircase to the Depths.
 30728 | D:15     | Found a hazy altar of Hepliaklqana.
 30730 | D:15     | Found a white marble altar of Elyvilon.
 31080 | D:15     | Identified the amulet of Crawling {+Inv Regen+ Str-2 Int+3
                  | Slay+3} (You found it on level 14 of the Dungeon)
 31232 | Orc:1    | Entered Level 1 of the Orcish Mines
 31456 | Orc:2    | Entered Level 2 of the Orcish Mines
 31459 | Orc:2    | Found a roughly hewn altar of Beogh.
 31722 | Orc:2    | Found a staircase to the Elven Halls.
 32288 | Orc:2    | Found an ancient bone altar of Kikubaaqudgha.
 32322 | Orc:2    | Found Dionnema's Book Shop.
 32334 | Orc:2    | Found a radiant altar of Vehumet.
 32334 | Orc:2    | Noticed Erolcha
 32341 | Orc:2    | Killed Erolcha
 32443 | Orc:2    | Bought a Necronomicon for 1324 gold pieces
 32466 | Orc:2    | Found a roughly hewn altar of Beogh.
 32466 | Orc:2    | Found Ari Wife's Magic Scroll Shop.
 32497 | Orc:2    | Found Laimusunn's Antique Armour Boutique.
 32500 | Orc:2    | Bought a scroll of identify for 28 gold pieces
 32500 | Orc:2    | Bought a scroll of identify for 28 gold pieces
 32500 | Orc:2    | Bought a scroll of teleportation for 42 gold pieces
 32508 | Orc:2    | Found Hoeschevi's Gadget Boutique.
 32517 | Orc:2    | Bought a condenser vane for 480 gold pieces
 33223 | Elf:1    | Entered Level 1 of the Elven Halls
 34192 | Elf:1    | Found a transporter.
 34211 | Elf:1    | Noticed Buraz's ghost (adept GrFi)
 34401 | Elf:1    | Noticed a storm dragon
 34543 | Elf:1    | Reached XP level 17. HP: 131/131 MP: 33/33
 34601 | Elf:1    | Found a transporter.
 34927 | Elf:1    | Noticed a golden dragon
 34931 | Elf:1    | Noticed a titan
 34931 | Elf:1    | Noticed a quicksilver dragon
 35195 | Elf:1    | Killed Buraz's ghost
 35274 | Elf:1    | Got a smoking silver ring
 35290 | Elf:1    | Identified the ring "Docs" {rC- Will+ Str+2 Dex+10} (You
                  | found it on level 1 of the Elven Halls)
 35294 | Elf:1    | Identified the +8 crystal plate armour of the Butterfly
                  | {Regen+ Dex+2} (You found it on level 1 of the Elven Halls)
 35346 | Elf:2    | Found Kedam's Armour Shop.
 35349 | Elf:2    | Reached skill level 10 in Transmutations
 35576 | Elf:2    | Found Rawofi Upui's Armour Shop.
 35629 | Elf:2    | Found Diutom's Gadget Emporium.
 35668 | Elf:2    | Found Cymog's Jewellery Shoppe.
 35903 | Elf:2    | Found a huge runed translucent gate.
 35908 | Elf:2    | Found a huge runed translucent gate.
 35908 | Elf:2    | Found a huge runed translucent gate.
 35908 | Elf:2    | Found a huge runed translucent gate.
 35908 | Elf:2    | Found a huge runed translucent gate.
 36171 | Elf:3    | Entered Level 3 of the Elven Halls
 36417 | Elf:3    | Reached skill level 10 in Conjurations
 36417 | Elf:3    | Reached skill level 10 in Hexes
 36417 | Elf:3    | Reached skill level 10 in Summonings
 36417 | Elf:3    | Reached skill level 10 in Necromancy
 36417 | Elf:3    | Reached skill level 10 in Translocations
 36417 | Elf:3    | Reached skill level 10 in Fire Magic
 36417 | Elf:3    | Reached skill level 10 in Ice Magic
 36417 | Elf:3    | Reached skill level 10 in Air Magic
 36417 | Elf:3    | Reached skill level 10 in Earth Magic
 36662 | Elf:3    | Noticed a deep elf blademaster
 36668 | Elf:3    | Killed a deep elf blademaster
 36715 | Elf:3    | Reached XP level 18. HP: 111/140 MP: 22/34
 36716 | Elf:3    | Noticed a deep elf blademaster
 36727 | Elf:3    | Killed a deep elf blademaster
 36888 | Elf:3    | Noticed a deep elf master archer
 36892 | Elf:3    | Killed a deep elf master archer
 36894 | Elf:3    | Noticed a deep elf master archer
 36910 | Elf:3    | Killed a deep elf master archer
 37098 | Elf:3    | Identified the +8 great sword "Giotytz" {flame, rPois rC-
                  | SInv}
 37101 | Elf:3    | Noticed an Ice Fiend
 37223 | Elf:3    | Identified Pawnoj's Almanac of Unstable Attacks
 37245 | Elf:3    | Acquired 535 gold pieces
 37247 | Elf:3    | Identified the Handbook of Supportive Cold
 37344 | Elf:3    | Cast into level 3 of the Abyss (a deep elf sorcerer)
 37415 | Abyss:3  | Gained mutation: You tend to lose your temper in combat. [a
                  | neqoxec]
 37500 | Abyss:3  | Gained mutation: You are frail. (-10% HP) [a neqoxec]
 37506 | Abyss:3  | Lost mutation: You are frail. (-10% HP) [potion of
                  | mutation]
 37506 | Abyss:3  | Lost mutation: You tend to lose your temper in combat.
                  | [potion of mutation]
 37506 | Abyss:3  | Gained mutation: You are weak. (Str -2) [potion of
                  | mutation]
 37506 | Abyss:3  | Gained mutation: Potions are less effective at restoring
                  | your health. [potion of mutation]
 37506 | Abyss:3  | Gained mutation: You evolve. [potion of mutation]
 37506 | Abyss:3  | Gained mutation: Your movements are slightly less
                  | encumbered by armour. (ER -2) [potion of mutation]
 37585 | Abyss:3  | Gained mutation: You are very weak. (Str -4) [a neqoxec]
 37589 | Abyss:4  | Found a corrupted altar of Lugonu.
 37602 | Abyss:5  | Entered Level 5 of the Abyss
 37711 | Abyss:5  | Noticed a lich
 37718 | Abyss:5  | Killed a lich
 37739 | Abyss:5  | Paralysed by accursed screaming for 1 turns
 37819 | Elf:3    | Escaped the Abyss
 38245 | Elf:3    | Gained mutation: You have a pair of small horns on your
                  | head. [evolution]
 38411 | Elf:3    | Learned a level 4 spell: Passage of Golubria
 38414 | Elf:3    | Learned a level 2 spell: Blink
 38648 | D:13     | You paid a toll of 6 scrolls of fog to enter a treasure
                  | trove
 38649 | Trove    | Entered a treasure trove
 38649 | Trove    | Found the +27 Lear's hauberk
 38678 | Trove    | Got a faintly glowing copper ring
 38682 | Trove    | Got opal-encrusted steam dragon scales
 38991 | Spider:1 | Entered Level 1 of the Spider Nest
 39020 | Spider:1 | You fall into a shaft and drop 1 floor!
 39581 | Spider:2 | Got a glimmering cloak
 39587 | Spider:2 | Identified the cursed +0 cloak of Kimod {Dex+2 Slay-3 SInv}
                  | (You found it on level 2 of the Spider Nest)
 39598 | Spider:2 | Identified the +8 steam dragon scales of Icaucvazel {rF-
                  | rC+++ Regen+ Dex-4} (You found it in a treasure trove)
 39643 | Spider:1 | Got a slimy platinum ring
 39780 | Spider:1 | Reached XP level 19. HP: 109/147 MP: 25/36
 39960 | Spider:1 | Noticed Donald
 39969 | Spider:1 | Killed Donald
 40301 | Spider:1 | Identified the ring "Peekhlio" {Wiz *Drain rN+ Will++
                  | Dex+3} (You found it in a treasure trove)
 41628 | Spider:3 | Noticed Arachne
 41637 | Spider:3 | Killed Arachne
 42467 | Spider:4 | Entered Level 4 of the Spider Nest
 42958 | Spider:4 | Found the ring of the Octopus King
 42994 | Spider:4 | Got a ring of the Octopus King
 43110 | Spider:4 | Identified the ring "Hoehoaxt" {rPois Will- EV+4 Str+2}
                  | (You found it on level 1 of the Spider Nest)
 43329 | Spider:4 | Got a gossamer rune of Zot
 43744 | Shoals:1 | Entered Level 1 of the Shoals
 44226 | Shoals:1 | Found a hide-covered altar of Uskayaw.
 44553 | Shoals:2 | Reached XP level 20. HP: 156/156 MP: 26/37
 44583 | Shoals:2 | Gained mutation: You are strong-willed. (Will+) [evolution]
 44982 | Shoals:2 | Noticed Polyphemus
 44993 | Shoals:2 | Killed Polyphemus
 45479 | Shoals:3 | Found the cursed necklace of Bloodlust {*Rage +Rage Will++
                  | Int-3 Slay+6 *Curse}
 45504 | Shoals:3 | Found a runed translucent door.
 45504 | Shoals:3 | Noticed Jorgrun
 45522 | Shoals:3 | Killed Jorgrun
 45761 | Shoals:3 | Identified the +5 scale mail of Narcissism {rF+ Will+ MP+9}
 46067 | Shoals:4 | Entered Level 4 of the Shoals
 46704 | Shoals:4 | Found the +3 robe of Clouds {+Thunder rCloud rElec}
 46919 | Shoals:4 | Got a barnacled rune of Zot
 47050 | Shoals:4 | Identified Iteampur's Almanac of Poisonous Combat Magic
 47191 | Shoals:4 | Noticed Roxanne
 47226 | Shoals:4 | Killed Roxanne
 47424 | Shoals:4 | Learned a level 6 spell: Statue Form
 47708 | Vaults:1 | Entered Level 1 of the Vaults
 47738 | Vaults:1 | Found a huge runed gate.
 47738 | Vaults:1 | Found a huge runed gate.
 47740 | Vaults:1 | Found a huge runed gate.
 47740 | Vaults:1 | Found a huge runed gate.
 47740 | Vaults:1 | Found a huge runed gate.
 47740 | Vaults:1 | Found a huge runed gate.
 47740 | Vaults:1 | Found a huge runed gate.
 47740 | Vaults:1 | Found a huge runed gate.
 47740 | Vaults:1 | Found a huge runed gate.
 47742 | Vaults:1 | Found a huge runed gate.
 47742 | Vaults:1 | Found a huge runed gate.
 47742 | Vaults:1 | Found a huge runed gate.
 47742 | Vaults:1 | Found a huge runed gate.
 47742 | Vaults:1 | Found a huge runed gate.
 47742 | Vaults:1 | Found a huge runed gate.
 47743 | Vaults:1 | Found a huge runed gate.
 47744 | Vaults:1 | Found a huge runed gate.
 47762 | Vaults:1 | Found a huge runed gate.
 47775 | Vaults:1 | Noticed a hellephant
 47775 | Vaults:1 | Noticed a hellephant
 47792 | Vaults:1 | Killed a hellephant
 47808 | Vaults:1 | Killed a hellephant
 47809 | Vaults:1 | Reached XP level 21. HP: 68/164 MP: 34/39
 48160 | Vaults:1 | Gained mutation: You tend to lose your temper in combat.
                  | [evolution]
 48193 | Vaults:1 | Lost mutation: You evolve. [potion of mutation]
 48193 | Vaults:1 | Lost mutation: You are strong-willed. (Will+) [potion of
                  | mutation]
 48193 | Vaults:1 | Lost mutation: You are very weak. (Str -4) [potion of
                  | mutation]
 48193 | Vaults:1 | Lost mutation: You have a pair of small horns on your head.
                  | [potion of mutation]
 48193 | Vaults:1 | Gained mutation: Your body sometimes deteriorates upon
                  | taking damage. [potion of mutation]
 48193 | Vaults:1 | Gained mutation: You have sharp toenails. [potion of
                  | mutation]
 48194 | Vaults:1 | Lost mutation: Your body sometimes deteriorates upon taking
                  | damage. [potion of mutation]
 48194 | Vaults:1 | Lost mutation: You have sharp toenails. [potion of
                  | mutation]
 48194 | Vaults:1 | Lost mutation: You tend to lose your temper in combat.
                  | [potion of mutation]
 48194 | Vaults:1 | Lost mutation: You are weak. (Str -2) [potion of mutation]
 48194 | Vaults:1 | Gained mutation: You have a pair of small horns on your
                  | head. [potion of mutation]
 48194 | Vaults:1 | Lost mutation: Potions are less effective at restoring your
                  | health. [potion of mutation]
 48194 | Vaults:1 | Gained mutation: You are partially covered in slimy green
                  | scales. (AC +2) [potion of mutation]
 48545 | Vaults:1 | Reached skill level 15 in Invocations
 49253 | Vaults:2 | You fall into a shaft and drop 1 floor!
 49253 | Vaults:3 | Found the +8 storm bow {elec, penet}
 49382 | Vaults:3 | Found a magical portal.
 49402 | WizLab   | Entered The Chambers of the Cloud Mage
 49944 | WizLab   | Identified the +1 robe of Death Resistance {*Slow Int+6
                  | Dex+2}
 49979 | WizLab   | Identified the Compendium of Lightness
 50010 | WizLab   | Got a clouded amber ring
 50011 | WizLab   | Identified the ring of Foshrel {+Fly Will+} (You found it
                  | in a wizard's laboratory)
 50017 | WizLab   | Got a scintillating lead amulet
 50018 | WizLab   | Identified the amulet of Dishonour {Inacc rElec} (You found
                  | it in a wizard's laboratory)
 50512 | Vaults:2 | Reached skill level 15 in Spellcasting
 50517 | Vaults:2 | Reached XP level 22. HP: 108/172 MP: 18/41
 50917 | Vaults:2 | Found Uricva's Distillery.
 50925 | Vaults:2 | Bought a potion of curing for 33 gold pieces
 50925 | Vaults:2 | Bought a potion of curing for 33 gold pieces
 50925 | Vaults:2 | Bought a potion of heal wounds for 55 gold pieces
 50925 | Vaults:2 | Bought a potion of curing for 33 gold pieces
 50925 | Vaults:2 | Bought a potion of curing for 33 gold pieces
 50925 | Vaults:2 | Bought a potion of heal wounds for 55 gold pieces
 50925 | Vaults:2 | Bought a potion of mutation for 88 gold pieces
 51103 | Vaults:2 | Noticed Saint Roka
 51118 | Vaults:2 | Killed Saint Roka
 51125 | Vaults:2 | Reached skill level 15 in Dodging
 51538 | Vaults:3 | Reached skill level 15 in Stealth
 51959 | Vaults:3 | Found a staircase to the Crypt.
 53460 | Vaults:4 | Reached XP level 23. HP: 180/180 MP: 42/42
 53782 | Vaults:5 | Entered Level 5 of the Vaults
 53785 | Vaults:5 | Reached skill level 15 in Fighting
 53785 | Vaults:5 | Reached skill level 15 in Short Blades
 53785 | Vaults:5 | Reached skill level 15 in Long Blades
 53785 | Vaults:5 | Reached skill level 15 in Axes
 53785 | Vaults:5 | Reached skill level 15 in Maces & Flails
 53785 | Vaults:5 | Reached skill level 15 in Polearms
 53785 | Vaults:5 | Reached skill level 15 in Staves
 53785 | Vaults:5 | Reached skill level 15 in Slings
 53785 | Vaults:5 | Reached skill level 15 in Bows
 53785 | Vaults:5 | Reached skill level 15 in Crossbows
 53785 | Vaults:5 | Reached skill level 15 in Throwing
 53785 | Vaults:5 | Reached skill level 15 in Armour
 53785 | Vaults:5 | Reached skill level 15 in Shields
 53785 | Vaults:5 | Reached skill level 15 in Unarmed Combat
 53785 | Vaults:5 | Reached skill level 15 in Evocations
 54575 | Vaults:5 | Acquired 686 gold pieces
 54887 | Vaults:5 | Identified the cursed +0 cloak "Ducyxt" {Harm Stlth+} (You
                  | found it on level 5 of the Vaults)
 55005 | Vaults:5 | Got a silver rune of Zot
 55140 | Vaults:5 | Reached XP level 24. HP: 161/183 MP: 43/43
 55388 | Vaults:5 | Noticed an ancient lich
 55400 | Vaults:5 | Killed an ancient lich
 56100 | Vaults:5 | Learned a level 8 spell: Necromutation
 56178 | Crypt:1  | Entered Level 1 of the Crypt
 56355 | Crypt:1  | Reached skill level 15 in Translocations
 56392 | Crypt:1  | Found the +5 scythe "Finisher" {speed, eviscerate}
 57003 | Crypt:2  | Noticed Margery
 57019 | Crypt:2  | Killed Margery
 57131 | Crypt:2  | Found a basalt altar of Yredelemnul.
 57168 | Crypt:2  | Identified the Papyrus of Unholy Rites
 57226 | Crypt:2  | Noticed Bai Suzhen
 57241 | Crypt:2  | Killed Bai Suzhen
 57457 | Crypt:2  | Noticed Xtahua
 57468 | Crypt:2  | Killed Xtahua
 58118 | Crypt:2  | Learned a level 2 spell: Passwall
 58152 | Crypt:3  | Entered Level 3 of the Crypt
 58304 | Crypt:3  | Noticed Frederick
 58310 | Crypt:3  | Killed Frederick
 58353 | Crypt:3  | Found a basalt altar of Yredelemnul.
 58388 | Crypt:3  | Noticed Sojobo
 58391 | Crypt:3  | Reached XP level 25. HP: 196/197 MP: 29/43
 58404 | Crypt:3  | Killed Sojobo
 58526 | Crypt:3  | Found the +8 frozen axe "Frostbite" {freezing cloud, *Noise
                  | +Fly rC+}
 58562 | Crypt:3  | Noticed a royal mummy
 58587 | Crypt:3  | Killed a royal mummy
 59004 | Crypt:3  | Found a staircase to the Tomb.
 59033 | Crypt:3  | Got a scorched jade ring
 59034 | Crypt:3  | Identified the ring "Yjuuff" {+Blink rPois rC- Dex+3} (You
                  | found it on level 3 of the Crypt)
 59659 | Tomb:1   | Entered Level 1 of the Tomb of the Ancients
 59888 | Tomb:1   | Noticed a royal mummy
 59895 | Tomb:1   | Killed a royal mummy
 59896 | Tomb:1   | Noticed an ancient lich
 59906 | Tomb:1   | Killed an ancient lich
 60535 | Tomb:2   | Reached skill level 15 in Poison Magic
 60535 | Tomb:2   | Noticed a royal mummy
 60536 | Tomb:2   | Noticed a royal mummy
 60536 | Tomb:2   | Noticed an ancient lich
 60537 | Tomb:2   | Noticed a royal mummy
 60545 | Tomb:2   | Noticed an ancient lich
 60549 | Tomb:2   | HP: 4/199 [death scarab[a royal mummy] (9)]
 60549 | Tomb:2   | Slain by an ancient lich

Illustrated notes

Levels and vault maps discovered:
D:1:      heliophobic_arrival_enchanted_forest, layout_loops_ring,
          minmay_pentomino_o4
D:2:      layout_basic
D:3:      layout_basic, minmay_misc_feat_plants
D:4:      layout_rooms, gammafunk_temple_overflow_pools, lemuel_crystal_altar
D:5:      layout_loops_ring, old_standard_altar, roderic_serpentine_path
D:6:      layout_rooms, cheibriados_altar_1, minmay_temple_entry_fiery,
          serial_shops, shop
D:7:      layout_rooms, general_overflow_altar, nicolae_qazlal_eye_of_the_storm
D:8:      layout_basic, lemuel_zombie_altar_kikubaaqudgha,
          due_lair_maze_entry_diamond, serial_shops, nicolae_shop_waterfront,
          kennysheep_mini, cheibrodos_ashenzari_chains, uniq_erica
D:9:      layout_rooms, ebering_ghost_funeral_grove, enter_bailey_2
D:10:     layout_grid_maze, orc_0_dummy
D:11:     layout_roguey
D:12:     minmay_statue_hallways, layout_irregular_city, kennysheep_small_square
D:13:     layout_irregular_city, grunt_vaults_entry_tiered,
          trove_entry_hex_spiral, serial_shops, shop, uniq_azrael
D:14:     layout_basic, fedhas_altar_2, uniq_louise, uniq_kirke
D:15:     grunt_enter_depths_hoard, layout_layer_cave, roderic_lattice_a,
          jmf_multi_god_temple, uniq_agnes
Lair:1:   layout_hall_layers, grunt_forest_small_clearing_treed
Lair:2:   layout_chaotic_city
Lair:3:   layout_cave_pods, elwin_shoals_entry_rocks, serial_bayou_lake_a,
          uniq_nergalle
Lair:4:   layout_loops_ring, nicolae_spider_entry_non_spiders,
          minmay_lair_oklob_chamber, serial_bayou_shore_a
Lair:5:   layout_concentric_octagons
Lair:6:   evilmike_catoblepas_cave, layout_cave_pods, slime_altar_1,
          grunt_megastairs_3
Shoals:1: layout_shoals, regret_index_shoals_crete
Shoals:2: layout_shoals, nicolae_shoals_isolated_beach, uniq_polyphemus
Shoals:3: layout_shoals, lightli_airlock, uniq_jorgrun
Shoals:4: shoals_end_simple, layout_shoals, uniq_roxanne
Spider:1: layout_spider_delve, uniq_donald
Spider:2: layout_chambers
Spider:3: layout_spider_delve, uniq_arachne
Spider:4: grunt_spider_rune_circles, nicolae_orb_island
Orc:1:    cheibrodos_orc_guarddog, layout_caves, lightli_orcish_oven
Orc:2:    kennysheep_orc_mage_school, layout_caves, basic_altar,
          nicolae_orc_stony_grotto
Elf:1:    eino_elf_arrival_shootout, layout_loops_corners,
          gammafunk_ghost_berserking_beasts,
          hangedman_elven_crosses_minicolossus, minivault_27
Elf:2:    layout_loops_cross, serial_shops, shop, shop, shop, shop
Elf:3:    elf_hall, layout_onion_city
Vaults:1: nicolae_vaults_network_barrier, v_misc_10,
          nicolae_vaults_big_angled_halls, nicolae_vaults_little_squares_6,
          grunt_vaults_diagonal, ontoclasm_vaults_chip,
          vaults_not_door_vault_due, ontoclasm_vaults_twist, v_alt_pattern_5,
          layout_vaults_big_room
Vaults:2: vaults_mumra_bighexcomb, nicolae_vaults_diagonal_hallway_8,
          nicolae_vaults_little_squares_6, v_misc_3,
          nicolae_vaults_mini_display_case, hangedman_vaults_snaps,
          nicolae_vaults_network_star, hangedman_vaults_locks, serial_ice_h,
          nicolae_vaults_network_periphery, grunt_vaults_hallway_short,
          nicolae_vaults_little_ls, vaults_dpeg_diagonal, layout_vaults_maze,
          serial_shops, shop, uniq_saint_roka
Vaults:3: ontoclasm_vaults_shuriken, hangedman_vaults_stretched_pinwheel,
          nicolae_vaults_stairing_the_circle, minmay_crypt_entry_simple_corners,
          nicolae_vaults_bisected_exclaves, grunt_vaults_twisty, v_misc_5,
          vaults_room_large_hall, nicolae_vaults_circle_grid_b, st_hourglassy,
          vaults_room_corners, v_pattern_4, nicolae_vaults_gold_heap,
          layout_vaults_omnicross, lightli_enter_wizlab_magi_temple
Vaults:4: v_alt_pattern_1, vaults_mumra_minichess_inversion,
          vaults_standard_mumra_x, ontoclasm_vaults_hangar, serial_ice_b,
          layout_vaults_omnigrid
Vaults:5
Crypt:1:  layout_misc_corridors, grunt_crypt_arrival_split
Crypt:2:  layout_chaotic_city, nicolae_crypt_cryptocurrency, minivault_5,
          weyrava_vampire_temple, uniq_margery, uniq_xtahua, uniq_bai_suzhen
Crypt:3:  church_of_pain_bobbens, layout_chaotic_city, minivault_5,
          minivault_11, minivault_27, feat_on_display, uniq_sojobo,
          uniq_frederick
Tomb:1
Tomb:2

Skill      XL: |  1  2  3  4  5  6  7  8  9 10 11 12 13 14 15 16 17 18 19 20 21 22 23 24 25 |
---------------+----------------------------------------------------------------------------+-----
Transmutations | 2 3 4 5 6 7 8 9 10 11 12 13 14 | 14.3
Spellcasting   | 5 6 7 8 9 10 11 12 13 14 15 16 17 | 17.1
Invocations    | 1 2 3 4 5 6 7 8 9 10 11 12 13 14 15 16 17 | 17.8
Fighting       | 1 2 3 5 6 7 8 9 10 11 12 13 14 15 16 | 16.5
Short Blades   | 1 2 3 5 6 7 8 9 10 11 12 13 14 15 16 | 16.5
Long Blades    | 1 2 3 5 6 7 8 9 10 11 12 13 14 15 16 | 16.5
Axes           | 1 2 3 5 6 7 8 9 10 11 12 13 14 15 16 | 16.5
Maces & Flails | 1 2 3 5 6 7 8 9 10 11 12 13 14 15 16 | 16.5
Polearms       | 1 2 3 5 6 7 8 9 10 11 12 13 14 15 16 | 16.5
Staves         | 1 2 3 5 6 7 8 9 10 11 12 13 14 15 16 | 16.5
Slings         | 1 2 3 5 6 7 8 9 10 11 12 13 14 15 16 | 16.5
Bows           | 1 2 3 5 6 7 8 9 10 11 12 13 14 15 16 | 16.5
Crossbows      | 1 2 3 5 6 7 8 9 10 11 12 13 14 15 16 | 16.5
Throwing       | 1 2 3 5 6 7 8 9 10 11 12 13 14 15 16 | 16.5
Armour         | 1 2 3 5 6 7 8 9 10 11 12 13 14 15 16 | 16.5
Shields        | 1 2 3 5 6 7 8 9 10 11 12 13 14 15 16 | 16.5
Unarmed Combat | 1 2 3 5 6 7 8 9 10 11 12 13 14 15 16 | 16.5
Evocations     | 1 2 3 5 6 7 8 9 10 11 12 13 14 15 16 | 16.5
Conjurations   | 1 2 3 4 5 6 7 8 9 10 11 12 13 14 | 14.2
Hexes          | 1 2 3 4 5 6 7 8 9 10 11 12 13 14 | 14.2
Summonings     | 1 2 3 4 5 6 7 8 9 10 11 12 13 14 | 14.2
Necromancy     | 1 2 3 4 5 6 7 8 9 10 11 12 13 14 | 14.2
Translocations | 1 2 3 4 5 6 7 8 9 10 11 12 13 14 15 16 | 16.3
Fire Magic     | 1 2 3 4 5 6 7 8 9 10 11 12 13 14 | 14.2
Ice Magic      | 1 2 3 4 5 6 7 8 9 10 11 12 13 14 | 14.2
Air Magic      | 1 2 3 4 5 6 7 8 9 10 11 12 13 14 | 14.2
Earth Magic    | 1 2 3 4 5 6 7 8 9 10 11 12 13 14 | 14.2
Dodging        | 5 6 7 8 9 10 11 12 13 14 15 16 17 | 17.0
Stealth        | 5 6 7 8 9 10 11 12 13 14 15 16 | 16.9
Poison Magic   | 6 7 8 9 10 11 12 13 14 15 | 15.0

Action                   |  1- 3 |  4- 6 |  7- 9 | 10-12 | 13-15 | 16-18 | 19-21 | 22-24 | 25-27 || total
-------------------------+-------+-------+-------+-------+-------+-------+-------+-------+-------++-------
Melee: Dagger            |   123 |    61 |   222 |       |       |       |       |       |       ||   406
       Bite              |    14 |    11 |    25 |    60 |   140 |   235 |   363 |   257 |    80 ||  1185
       Punch             |     1 |       |     8 |    19 |    27 |       |       |       |       ||    55
       Long sword        |       |    43 |       |       |       |       |       |       |       ||    43
       Scimitar          |       |       |       |    49 |       |       |       |       |       ||    49
       Trident           |       |       |       |   281 |   629 |  1068 |  1896 |   907 |       ||  4781
       Headbutt          |       |       |       |       |       |    76 |   605 |   460 |   116 ||  1257
       Eudemon blade     |       |       |       |       |       |       |       |   221 |       ||   221
       Unarmed           |       |       |       |       |       |       |       |    20 |   284 ||   304
 Cast: Sting             |    27 |    16 |     8 |     2 |     3 |       |       |       |       ||    56
       Olgreb's Toxic Ra |       |     6 |    13 |    55 |    62 |    90 |    83 |     8 |       ||   317
       Ignite Poison     |       |     5 |     9 |    30 |    35 |    39 |    26 |     2 |       ||   146
       Summon Lightning  |       |       |       |     2 |    29 |     8 |     4 |       |       ||    43
       Apportation       |       |       |       |     1 |     9 |     9 |       |       |       ||    19
       Summon Ice Beast  |       |       |       |       |    16 |     8 |     3 |       |       ||    27
       Statue Form       |       |       |       |       |       |       |    20 |    45 |    11 ||    76
       Passage of Golubr |       |       |       |       |       |       |     2 |       |     1 ||     3
       Ignition          |       |       |       |       |       |       |     6 |    54 |    19 ||    79
       Necromutation     |       |       |       |       |       |       |       |     2 |     8 ||    10
Invok: Bend Time         |       |       |       |     2 |     1 |       |     1 |     1 |       ||     5
       Slouch            |       |       |       |     1 |     8 |    13 |     5 |     1 |       ||    28
       Step From Time    |       |       |       |       |     2 |       |       |       |       ||     2
 Abil: Stop Flying       |       |       |       |       |       |       |     1 |       |       ||     1
Evoke: Wand              |       |       |     4 |     3 |    20 |     4 |    14 |     1 |     3 ||    49
       Condenser vane    |       |       |       |       |       |     3 |     4 |     1 |     1 ||     9
       Tin of tremorston |       |       |       |       |       |       |     7 |     4 |     3 ||    14
  Use: Scroll            |     3 |     6 |    12 |     9 |    11 |    10 |    10 |     5 |     4 ||    70
       Potion            |       |       |     1 |     5 |     6 |     3 |     3 |       |       ||    18
 Stab: Sleeping          |     3 |     9 |    12 |    20 |    32 |    14 |    16 |     9 |       ||   115
       Distracted        |       |     2 |       |     5 |    11 |     9 |    15 |    10 |       ||    52
       Petrified         |       |       |       |       |     2 |       |       |       |       ||     2
       Invisible         |       |       |       |       |       |     1 |       |       |       ||     1
Armor: Robe              |    21 |    12 |    19 |    51 |    81 |    16 |       |       |       ||   200
       Skin              |       |       |       |       |    21 |       |    62 |   166 |    18 ||   267
       Crystal plate arm |       |       |       |       |       |   235 |   571 |   102 |   101 ||  1009
Dodge: Dodged            |   109 |    92 |   168 |   333 |   613 |   352 |   965 |   815 |   286 ||  3733
Block: Kite shield       |       |       |       |       |   187 |   653 |  1533 |  1012 |   339 ||  3724
       Rpst.: Long sword |       |    10 |       |       |       |       |       |       |       ||    10
       Scimitar          |       |       |       |    21 |       |       |       |       |       ||    21
       Eudemon blade     |       |       |       |       |       |       |       |    51 |       ||    51
